 Dungeon Sprint DCSS version 0.29.1-12-g30fa7ad0bf (webtiles) character file.

Game seed: 12418530869557913845

2778 Groucho the Unseen (level 9, -21/49 HPs)
             Began as a Spriggan Enchanter on Dec 24, 2022.
             Was a Follower of Dithmenos.
             Shot with a bolt by a yaktaur (26 damage)
             ... in the Dungeon (Sprint II: "The Violet Keep of Menkaure").
             The game lasted 00:07:47 (1554 turns).

Groucho the Unseen (Spriggan Enchanter)             Turns: 1554, Time: 00:07:47

Health: -21/49     AC:  7    Str:  6    XL:     9   Next: 42%
Magic:  17/25      EV: 23    Int: 17    God:    Dithmenos [*.....]
Gold:   455        SH:  0    Dex: 15    Spells: 17/30 levels left

rFire   . . .      SeeInvis +   a - +1 dagger
rCold   . . .      Faith    .   (no shield)
rNeg    . . .      Spirit   .   e - +2 robe {Will+}
rPois   .          Reflect  .   (helmet restricted)
rElec   .          Harm     .   c - +2 cloak
rCorr   .          Rampage  .   (gloves unavailable)
Will    ++...      NoTele   +   (boots unavailable)
Stlth   +++++++...              (no amulet)
HPRegen 0.16/turn               (no ring)
MPRegen 0.19/turn               (no ring)

@: wreathed by umbra, very quick
A: very small, no large weapons, unfitting armour, see invisible, speed 3, weak
1, subdued magic 1
a: Renounce Religion


You were in the Dungeon.
You worshipped Dithmenos.
Dithmenos was aware of your devotion.
You visited 1 branch You collected 972 gold pieces.
You spent 517 gold pieces at shops.

Inventory:

Hand Weapons
 a - a +1 dagger (weapon)
Armour
 c - a +2 cloak (worn)
 d - a +0 chain mail
 e - a +2 robe of willpower (worn)
Potions
 g - 2 potions of magic
 h - a potion of berserk rage


   Skills:
 + Level 6.8 Fighting
 + Level 9.2 Short Blades
 + Level 11.2 Dodging
 - Level 16.0 Stealth
 + Level 11.1 Spellcasting
 * Level 1.8 Conjurations
 + Level 11.5 Hexes
 * Level 2.2 Earth Magic


You had 17 spell levels left.
You knew the following spells:

 Your Spells              Type           Power      Damage    Failure   Level
a - Ensorcelled Hibernat  Hex/Ice        44%        N/A       1%          2
b - Confusing Touch       Hex            37%        N/A       1%          3
c - Dazzling Flash        Conj/Hex       48%        N/A       1%          3
d - Tukima's Dance        Hex            37%        N/A       1%          3
e - Passwall              Tmut/Erth      8%         N/A       6%          2

Your spell library contained the following spells:

 Spells                   Type           Power      Damage    Failure   Level
 Swiftness                Air            7%         N/A       19%         3


Dungeon Overview and Level Annotations

Branches:
Dungeon (1/1)

Altars:
Cheibriados
Dithmenos
Elyvilon
Fedhas
Gozag
Hepliaklqana
Kikubaaqudgha
Makhleb
Nemelex Xobeh
Okawaru
Qazlal
Ru
Sif Muna
Trog
Uskayaw
Vehumet
Wu Jian
Xom
Yredelemnul
Zin
The Shining One
Jiyva
Lugonu

Shops:
D =:[[!?[=?!!*::(

Annotations:
D exclusion: oklob plant


Innate Abilities, Weirdness & Mutations

You are very small and have problems with some larger weapons.
You are too small for most types of armour.
You have supernaturally acute eyesight. (SInv)
You cover ground extremely quickly. (Speed+++)
You are weak. (Str -2)
Your spells are a little easier to cast, but a little less powerful.


Message History

Really blink into a travel-excluded area?
Okay, then.
Blink to where?
Press: ? - help, Dir - move target Really blink into a travel-excluded area?
As you read the scroll of blinking, it crumbles to dust.
The hornet fails to trigger a net trap.
Unknown command.
Unknown command.
There is an open door here.
You feel yourself speed up.
You close the door.
You start resting.
Your hands stop glowing.
You start resting.
Something unseen opens the door.
A hornet is nearby!
A hornet is nearby!
A hornet is nearby!
Casting: Confusing Touch (safe; 1% risk of failure)
Confirm with . or Enter, or press ? or * to list all spells.
Aiming: Ensorcelled Hibernation (safe; 1% risk of failure)
Press: ? - help, Shift-Dir - straight line, f - hornet
Aim: a hornet (chance to affect: 46%)
The hornet resists with some effort.
Casting: Ensorcelled Hibernation (safe; 1% risk of failure)
Confirm with . or Enter, or press ? or * to list all spells.
Aiming: Ensorcelled Hibernation (safe; 1% risk of failure)
Press: ? - help, Shift-Dir - straight line, f/p - hornet
Aim: a hornet (chance to affect: 46%)
The hornet looks drowsy...
The helpless hornet fails to defend itself.
You stick the hornet like a pincushion!!!!
You kill the hornet!
Dithmenos accepts your kill.
You are shrouded in an aura of darkness!
The yaktaur wields a +0 arbalest.
The yaktaur shoots a bolt.
The bolt hits you!!
Ouch! That really hurt!
You die...

#####~~~... .. ....#~~~~.##+##..
#^ k ∩...#~~~~##.#.##.#### +.##.
.∩..#~~~~#..#..# ...# ...# ##
∩.⌠.#~~####...####..## #.^# $#
.∩..#~##.###'###.##..# +..# .#
∩...#†#.#.##.##...#..# #..# c#
....'~'###'.<.'###c..####..##†#▓(
....#~#.#.##.##.@†#....###.y§##▓▓
▓▓###~##.###'###.##....y.~~~~~~~~
#####~~####...####~~§....~#'#####
h$ ##~~~#..##.#~~~§~~~..~#_._._.
$.#+ +#~####.##~~~§~~~~§~#._._._
?##≈# ~~# +##§~~≈≈≈§§§~~#_._._.
##≈≈≈ ~~ §~§~§~≈§§≈~§§#._._._
#§§§§ §§§#~§≈§≈≈§§~#.._._.
§~§##§§≈###§≈#..._._


You could see a yaktaur.

Vanquished Creatures
  2 boulder beetles (D)
  2 polar bears (D)
  A hornet (D)
  2 wyverns (D)
  4 neqoxecs (D)
  A water moccasin (D)
  4 necrophages (D)
16 creatures vanquished.

Vanquished Creatures (others)
  A water moccasin (D)
1 creature vanquished.

Grand Total: 17 creatures vanquished

Notes
Turn   | Place    | Note
-------+----------+-------------------------------------------
     0 | D        | Groucho the Spriggan Enchanter began the quest for the Orb.
     0 | D        | Reached XP level 1. HP: 9/9 MP: 5/5
     1 | D        | Noticed a wyvern
     1 | D        | Noticed a wyvern
     7 | D        | Noticed a necrophage
     7 | D        | Noticed a necrophage
     7 | D        | Noticed a necrophage
     7 | D        | Noticed a necrophage
    14 | D        | Killed a necrophage
    15 | D        | Reached skill level 9 in Stealth
    15 | D        | Reached skill level 5 in Spellcasting
    15 | D        | Reached skill level 5 in Hexes
    15 | D        | Reached XP level 2. HP: 11/13 MP: 6/9
    15 | D        | Reached XP level 3. HP: 14/16 MP: 6/10
    20 | D        | Killed a necrophage
    21 | D        | Reached skill level 1 in Fighting
    21 | D        | Reached skill level 10 in Stealth
    21 | D        | Reached XP level 4. HP: 20/22 MP: 6/12
    22 | D        | Killed a necrophage
    23 | D        | Reached skill level 11 in Stealth
    23 | D        | Reached XP level 5. HP: 24/26 MP: 6/14
    25 | D        | Reached skill level 5 in Dodging
    25 | D        | Reached skill level 12 in Stealth
    31 | D        | Noticed a neqoxec
    31 | D        | Noticed a neqoxec
    31 | D        | Noticed a neqoxec
    31 | D        | Noticed a neqoxec
    41 | D        | Gained mutation: Your spells are a little easier to cast,
                  | but a little less powerful. [a neqoxec]
    43 | D        | Killed a neqoxec
    44 | D        | Reached skill level 13 in Stealth
    44 | D        | Reached XP level 6. HP: 21/32 MP: 9/17
    47 | D        | Killed a neqoxec
    48 | D        | Reached skill level 5 in Short Blades
    55 | D        | Killed a neqoxec
    56 | D        | Reached skill level 14 in Stealth
    56 | D        | Reached XP level 7. HP: 15/37 MP: 9/19
    57 | D        | Gained mutation: You are weak. (Str -2) [a neqoxec]
    67 | D        | Killed a neqoxec
    68 | D        | Reached skill level 15 in Stealth
   623 | D        | Noticed a boulder beetle
   623 | D        | Noticed a boulder beetle
   626 | D        | Killed a boulder beetle
   627 | D        | Reached skill level 5 in Fighting
   627 | D        | Reached skill level 16 in Stealth
   627 | D        | Reached XP level 8. HP: 43/43 MP: 22/22
   635 | D        | Learned a level 2 spell: Ensorcelled Hibernation
   639 | D        | Learned a level 3 spell: Confusing Touch
   643 | D        | Learned a level 3 spell: Dazzling Flash
   647 | D        | Learned a level 3 spell: Tukima's Dance
   658 | D        | Reached skill level 10 in Hexes
   684 | D        | Killed a boulder beetle
   685 | D        | Reached skill level 10 in Dodging
   685 | D        | Reached skill level 10 in Spellcasting
   685 | D        | Reached XP level 9. HP: 11/49 MP: 10/24
  1352 | D        | Found Jiriacow's Antique Weapon Emporium.
  1352 | D        | Found Riaxousm's Assorted Antiques.
  1352 | D        | Found Ijisuid's Book Shoppe.
  1352 | D        | Found Yplynkue's Distillery.
  1353 | D        | Found Gexoatiemi's Book Emporium.
  1353 | D        | Found Ligujez's Magic Scroll Shoppe.
  1353 | D        | Found Wyrghiluyj's Jewellery Emporium.
  1353 | D        | Found Fiza's Antique Armour Shoppe.
  1354 | D        | Found Ekhliciu's Magic Scroll Shoppe.
  1354 | D        | Found Urchee's Distillery.
  1354 | D        | Found Numa's Distillery.
  1391 | D        | Noticed an ice dragon
  1393 | D        | Found Otryucetz's Antique Armour Shoppe.
  1393 | D        | Found Ylubusit's Antique Armour Emporium.
  1393 | D        | Noticed an oklob plant
  1394 | D        | Found Qatunuax's Jewellery Shoppe.
  1394 | D        | Found Mielly's Book Shoppe.
  1400 | D        | Noticed a hell hog
  1402 | D        | Noticed a hell hog
  1414 | D        | Bought a glowing cloak for 150 gold pieces
  1424 | D        | Bought a book of Burglary for 220 gold pieces
  1432 | D        | Bought a chain mail for 81 gold pieces
  1432 | D        | Bought a glowing robe for 66 gold pieces
  1453 | D        | Learned a level 2 spell: Passwall
  1477 | D        | Found an iron altar of Okawaru.
  1477 | D        | Found an opulent altar of Gozag.
  1478 | D        | Found a sparkling altar of Nemelex Xobeh.
  1478 | D        | Found a blossoming altar of Fedhas.
  1479 | D        | Found a radiant altar of Vehumet.
  1479 | D        | Found a burning altar of Makhleb.
  1479 | D        | Found a white marble altar of Elyvilon.
  1480 | D        | Found a hide-covered altar of Uskayaw.
  1480 | D        | Found a corrupted altar of Lugonu.
  1480 | D        | Found a shadowy altar of Dithmenos.
  1483 | D        | Found a bloodstained altar of Trog.
  1483 | D        | Found an ancient bone altar of Kikubaaqudgha.
  1483 | D        | Found a glowing silver altar of Zin.
  1483 | D        | Found a snail-covered altar of Cheibriados.
  1483 | D        | Noticed a polar bear
  1485 | D        | Found a viscous altar of Jiyva.
  1485 | D        | Found a shimmering blue altar of Sif Muna.
  1485 | D        | Found a basalt altar of Yredelemnul.
  1489 | D        | Found a sacrificial altar of Ru.
  1489 | D        | Found a stormy altar of Qazlal.
  1489 | D        | Found an ornate altar of the Wu Jian Council.
  1489 | D        | Found a hazy altar of Hepliaklqana.
  1489 | D        | Found a shimmering altar of Xom.
  1489 | D        | Found a glowing golden altar of the Shining One.
  1493 | D        | Became a worshipper of Dithmenos the Shadowed
  1513 | D        | Noticed a yaktaur
  1513 | D        | Noticed a polar bear
  1525 | D        | Killed a polar bear
  1526 | D        | Reached skill level 1 in Conjurations
  1526 | D        | Reached skill level 1 in Earth Magic
  1528 | D        | Noticed a polar bear
  1533 | D        | Killed a polar bear
  1537 | D        | Paralysed by a hornet for 1 turns
  1538 | D        | HP: 2/49 [hornet (4)]
  1554 | D        | Reached * piety under Dithmenos
  1554 | D        | Shot with a bolt by a yaktaur

Illustrated notes

Levels and vault maps discovered:
D:        the_violet_keep_of_menkaure [sprint2_stairs_cluster_1,
          sprint2_shoproom, sprint2_temple, sprint2_basic_supplies,
          sprint2_obstacle_6, sprint2_obstacle_7, sprint2_obstacle_4,
          sprint2_obstacle_1, sprint2_obstacle_3, sprint2_timed_cluster_1,
          sprint2_smallroom_cluster_1, sprint2_smallroom_final_cluster_1,
          sprint2_transparent_cluster_1, sprint2_second_timed_cluster_1,
          sprint2_sniper_area_1, sprint2_heavy_combat_area_1,
          sprint2_mutation_trap_area_1, sprint2_forest_area_1,
          sprint2_light_combat_area_1, sprint2_behind_water_1,
          sprint2_near_end_vault_1]

Skill      XL: |  1  2  3  4  5  6  7  8  9 |
---------------+----------------------------+-----
Stealth        | 9 10 11 13 14 16 | 16.0
Spellcasting   | 5 6 7 8 9 10 11 | 11.1
Hexes          | 5 6 7 8 9 11 | 11.5
Fighting       | 1 2 3 4 5 6 |  6.8
Short Blades   | 2 3 4 5 7 8 9 |  9.2
Dodging        | 3 4 6 7 9 10 11 | 11.2
Conjurations   | 1 |  1.8
Earth Magic    | 2 |  2.2

Action                   |  1- 3 |  4- 6 |  7- 9 || total
-------------------------+-------+-------+-------++-------
Melee: Dagger            |    10 |    25 |    37 ||    72
       Punch             |       |     1 |     1 ||     2
 Cast: Ensorcelled Hiber |       |       |    14 ||    14
       Confusing Touch   |       |       |     3 ||     3
       Passwall          |       |       |     2 ||     2
  Use: Potion            |     2 |       |     3 ||     5
       Scroll            |       |       |     1 ||     1
 Stab: Sleeping          |     2 |     1 |     4 ||     7
       Invisible         |     2 |     5 |     3 ||    10
       Confused          |       |       |     2 ||     2
Armor: Robe              |       |       |     5 ||     5
Dodge: Dodged            |     3 |     9 |    31 ||    43
